 Dungeon Crawl Stone Soup version 0.27.1-15-g792fb953b9 (webtiles) character file.

Game seed: 10512593912846962254

47 oldmanjim the Ducker (level 3, -3/35 HPs)
             Began as a Gnoll Monk on Nov 20, 2021.
             Slain by an orc (7 damage)
             ... on level 2 of the Dungeon on Nov 21, 2021.
             The game lasted 00:07:56 (1410 turns).

oldmanjim the Ducker (Gnoll Monk)                   Turns: 1410, Time: 00:07:57

Health: -3/35      AC:  2    Str: 11    XL:     3   Next: 70%
Magic:  0/4        EV: 15    Int:  9    God:
Gold:   66         SH:  0    Dex: 14    Spells: 3/3 levels left

rFire    . . .     SeeInvis .   a - +0 spear
rCold    . . .     Faith    .   (no shield)
rNeg     . . .     Spirit   +   b - +0 robe
rPois    .         Reflect  .   (no helmet)
rElec    .         Harm     .   (no cloak)
rCorr    +         Rampage  .   (no gloves)
Will     .....                  (no boots)
Stlth    +++.......             g - amulet of guardian spirit
HPRegen  0.11/turn              j - ring of resist corrosion
MPRegen  0.09/turn              (no ring)

@: no status effects
A: fangs 1, strong nose, distributed training
a: no special abilities


You were on level 2 of the Dungeon.
You visited 1 branch of the dungeon, and saw 3 of its levels.

You collected 66 gold pieces.

Inventory:

Hand Weapons
 a - a +0 spear (weapon)
Missiles
 e - 22 stones (quivered)
Armour
 b - a +0 robe (worn)
Jewellery
 g - an amulet of guardian spirit (around neck)
 j - a ring of resist corrosion (left hand)
Potions
 c - a potion of flight {unknown}
 d - 2 potions of haste {unknown}
 f - a potion of curing {unknown}


   Skills:
 + Level 6.5 Fighting
 + Level 0.9 Short Blades
 + Level 0.9 Long Blades
 + Level 0.9 Axes
 + Level 0.9 Maces & Flails
 + Level 6.5 Polearms
 + Level 0.9 Staves
 + Level 0.9 Slings
 + Level 0.9 Bows
 + Level 0.9 Crossbows
 + Level 0.9 Throwing
 + Level 0.9 Armour
 + Level 6.5 Dodging
 + Level 4.2 Stealth
 + Level 0.9 Shields
 + Level 0.9 Unarmed Combat
 + Level 0.9 Spellcasting
 + Level 0.6 Conjurations
 + Level 0.6 Hexes
 + Level 0.6 Summonings
 + Level 0.6 Necromancy
 + Level 0.6 Translocations
 + Level 0.6 Transmutations
 + Level 0.6 Fire Magic
 + Level 0.6 Ice Magic
 + Level 0.6 Air Magic
 + Level 0.6 Earth Magic
 + Level 0.6 Poison Magic
 + Level 1.0 Invocations
 + Level 0.9 Evocations


You had 3 spell levels left.
You didn't know any spells.
Your spell library was empty.

Dungeon Overview and Level Annotations

Branches:
Dungeon (3/15)

Altars:

Annotations:
D:2 Jessica


Innate Abilities, Weirdness & Mutations

You have very sharp teeth.
Your uncanny sense of smell can sniff out nearby items.
Your experience applies equally to all skills.


Message History

The orc wizard is heavily wounded.
You hit the orc wizard.
The orc wizard is severely wounded.
The orc shouts!
The orc wizard gestures at you while chanting.
You resist with significant effort.
The orc shouts!
You closely miss the orc wizard.
The orc wizard is severely wounded.
The orc wizard points at you and mumbles some strange words.
The magic dart hits you!
You barely miss the orc wizard.
The orc wizard is severely wounded.
You hit the orc.
The orc is moderately wounded.
You barely miss the orc.
The orc is moderately wounded.
You closely miss the orc wizard.
The orc wizard is severely wounded.
The orc completely misses you. The orc wizard barely misses you.
The orc hits you with a +0 flail!
You hit the orc wizard.
The orc wizard is severely wounded.
The orc closely misses you.
The orc wizard hits you with a +0 dagger.
The orc hits you with a +0 flail. The orc closely misses you.
The orc wizard hits you with a +0 dagger.
* * * LOW HITPOINT WARNING * * *
The orc hits you with a +0 flail!
* * * LOW HITPOINT WARNING * * *
You climb upwards.
Level annotation: Jessica
There is a stone staircase leading down here.
You hit the orc.
The orc is moderately wounded.
You hit the orc.
The orc is almost dead.
The orc closely misses you. The orc hits you with a +0 flail!
You die...

.#.#####..####.##
.#....##....#...#
.####.##.##.#...#
......##.##.###.#####
########.#..........#
#######........###.#
#.....###.#.#### #.#
#####
#.....###.#...####.#
#...#
##.........###.#@o..#
#...#
#....#.##...##.#o####
#...#
#....#.##...##.#o#
#...#
#......#.....#...#
###...#
#....###.....#####
#.....#
##.###.).###.....#
#....## ##.#
#.##...####.# #....#
.>.# #.##...# #.#
#...)#### ####
#.##.).####.#
#.......#


You could see an orc wizard and 2 orcs.

Vanquished Creatures
  3 dart slugs
  A ball python (D:1)
  7 endoplasms
  2 giant cockroaches
  3 goblins
  2 hobgoblins (D:1)
  A quokka (D:1)
  7 bats
  3 frilled lizards (D:1)
  2 kobolds
  5 rats
36 creatures vanquished.

Notes
Turn   | Place    | Note
-------+----------+-------------------------------------------
     0 | D:1      | oldmanjim the Gnoll Monk began the quest for the Orb.
     0 | D:1      | Reached XP level 1. HP: 23/23 MP: 1/1
   128 | D:1      | Reached XP level 2. HP: 23/29 MP: 2/2
   463 | D:1      | Reached XP level 3. HP: 35/35 MP: 3/3
   900 | D:2      | Noticed Jessica
  1016 | D:2      | Reached skill level 1 in Invocations
  1410 | D:2      | Slain by an orc

Illustrated notes

Levels and vault maps discovered:
D:1:      lemuel_arrival_broad_hall, layout_rooms, grunt_decor_resistance,
          minivault_26, minmay_misc_feat_hallway, chequers_serial_rivers_room_b,
          minmay_3d_cube
D:2:      layout_basic, hellmonk_ecumenical_altar_inner_sanctum, uniq_jessica,
          uniq_natasha
D:3:      layout_rooms, feat_on_display

Skill      XL: |  1  2  3 |
---------------+----------+-----
Invocations    | 1 |  1.0
Fighting       | |  6.5
Short Blades   | |  0.9
Long Blades    | |  0.9
Axes           | |  0.9
Maces & Flails | |  0.9
Polearms       | |  6.5
Staves         | |  0.9
Slings         | |  0.9
Bows           | |  0.9
Crossbows      | |  0.9
Throwing       | |  0.9
Armour         | |  0.9
Dodging        | |  6.5
Stealth        | |  4.2
Shields        | |  0.9
Unarmed Combat | |  0.9
Spellcasting   | |  0.9
Conjurations   | |  0.6
Hexes          | |  0.6
Summonings     | |  0.6
Necromancy     | |  0.6
Translocations | |  0.6
Transmutations | |  0.6
Fire Magic     | |  0.6
Ice Magic      | |  0.6
Air Magic      | |  0.6
Earth Magic    | |  0.6
Poison Magic   | |  0.6
Evocations     | |  0.9

Action                   || total
-------------------------++-------
Melee: Spear             ||   130
       Bite              ||     7
  Use: Scroll            ||     2
 Stab: Sleeping          ||    19
Armor: Robe              ||     7
Dodge: Dodged            ||    44
